TOP OF THE 1ST |
Notre Dame Fighting Irish batting - Pitching for Florida State Seminoles : RHP Stephen Copeland
|
Pitching: RHP Stephen Copeland
|
|
Batting: LHB Matt Moore
|
0-0: Ball 1-0: Foul Ball, location: 2F 1-1: Ball 2-1: Swinging Strike 2-2: Ground out 5-3 (Groundball, 25)
|
Batting: SHB Andre Keeler
|
0-0: Ball 1-0: Fly out, F4 (Popup, 34D)
|
Batting: RHB Tommy Smith
|
0-0: Ball 1-0: Ball 2-0: Ball 3-0: Base on Balls
|
Batting: SHB Jason Ashley
|
0-0: Ball 1-0: Ball 2-0: Foul Ball, location: 2F 2-1: Ball 3-1: Swinging Strike 3-2: Base on Balls Tommy Smith to second
|
Batting: RHB Allen Miller
|
0-0: Swinging Strike 0-1: Foul Ball, location: 2F 0-2: Ball 1-2: Foul Ball, location: 2F 1-2: Ball 2-2: Strikes out swinging
|
Top of the 1st over - 0 run(s), 0 hit(s), 0 error(s), 2 left on base; Notre Dame 0 - Florida State 0 |
BOTTOM OF THE 1ST |
Florida State Seminoles batting - Pitching for Notre Dame Fighting Irish : RHP Dax Green
|
Pitching: RHP Dax Green
|
|
Batting: RHB Dennis Curran
|
0-0: Swinging Strike 0-1: Foul Ball, location: 2F 0-2: Foul Ball, location: 2F 0-2: Ball 1-2: Fly out, F9 (Flyball, 89S)
|
Batting: RHB Roberto Casas
|
0-0: Called Strike 0-1: Swinging Strike 0-2: Foul Ball, location: 2F 0-2: Foul Ball, location: 2F 0-2: Ball 1-2: Strikes out swinging
|
Batting: RHB Rubén Hernández
|
0-0: Ball 1-0: Ball 2-0: Swinging Strike 2-1: Foul Ball, location: 2F 2-2: Ball 3-2: Base on Balls
|
Batting: RHB Quentin Underwood
|
0-0: Fly out, F8 (Flyball, 8RD)
|
Bottom of the 1st over - 0 run(s), 0 hit(s), 0 error(s), 1 left on base; Notre Dame 0 - Florida State 0 |
TOP OF THE 2ND |
Notre Dame Fighting Irish batting - Pitching for Florida State Seminoles : RHP Stephen Copeland
|
Batting: RHB Juan Meléndez
|
0-0: Called Strike 0-1: Ball 1-1: Foul Ball, location: 2F 1-2: SINGLE (Groundball, 6MD)
|
Batting: RHB Jorge Flores
|
0-0: Foul Ball, location: 2F 0-1: Ball 1-1: Ball 2-1: Ball Wild Pitch! Juan Meléndez to second 3-1: Base on Balls
|
Batting: RHB Larry Eiken
|
0-0: Foul Ball, location: 2F 0-1: Foul Ball, location: 2F 0-2: Foul Ball, location: 2F 0-2: Strikes out swinging
|
Batting: RHB Robbie Eaton
|
0-0: Foul Ball, location: 2F 0-1: Ball 1-1: Ball Wild Pitch! Juan Meléndez to third Jorge Flores to second 2-1: Ball 3-1: Swinging Strike 3-2: Base on Balls
|
Batting: LHB Matt Moore
|
0-0: Ball 1-0: SINGLE (Flyball, 4MD) Juan Meléndez scores Jorge Flores to third Robbie Eaton to second Runner from 3rd tries for Home, SAFE, throw made home Robbie Eaton to third Matt Moore to second
|
Now in CF: José Sosa
|
|
Batting: SHB Andre Keeler
|
0-0: Swinging Strike 0-1: Ball 1-1: Swinging Strike 1-2: Strikes out looking
|
Batting: RHB Tommy Smith
|
0-0: Ground out 6-3 (Groundball, 6)
|
Top of the 2nd over - 2 run(s), 2 hit(s), 0 error(s), 2 left on base; Notre Dame 2 - Florida State 0 |
BOTTOM OF THE 2ND |
Florida State Seminoles batting - Pitching for Notre Dame Fighting Irish : RHP Dax Green
|
Batting: RHB Lorenzo Cintrón
|
0-0: Ball 1-0: Ball 2-0: Ball 3-0: Base on Balls
|
Batting: RHB Mark Willis
|
0-0: Ground out 4-3 (Groundball, 4S) Lorenzo Cintrón to second
|
Batting: RHB Victor Whitfield
|
0-0: Ball 1-0: Ball 2-0: Ball 3-0: Base on Balls
|
Batting: RHB Fred Burgess
|
0-0: Called Strike 0-1: Ball 1-1: Called Strike 1-2: Ball 2-2: SINGLE (Groundball, 56D) Lorenzo Cintrón to third Victor Whitfield to second Runner from 3rd tries for Home, SAFE, no throw
|
Batting: LHB Jeff Stevens
|
0-0: Called Strike 0-1: Ball 1-1: Called Strike 1-2: Strikes out looking
|
Batting: RHB José Sosa
|
0-0: Called Strike 0-1: Foul Ball, location: 2F 0-2: Foul Ball, location: 2F 0-2: Ball 1-2: Strikes out looking
|
Bottom of the 2nd over - 1 run(s), 1 hit(s), 0 error(s), 2 left on base; Notre Dame 2 - Florida State 1 |
TOP OF THE 3RD |
Notre Dame Fighting Irish batting - Pitching for Florida State Seminoles : RHP Stephen Copeland
|
Batting: SHB Jason Ashley
|
0-0: Ball 1-0: DOUBLE (Line Drive, 8RM)
|
Batting: RHB Allen Miller
|
0-0: Called Strike 0-1: Foul Ball, location: 2F 0-2: Strikes out swinging
|
Batting: RHB Juan Meléndez
|
0-0: Ball 1-0: Called Strike 1-1: Ball 2-1: Foul Ball, location: 2F 2-2: Strikes out swinging
|
Batting: RHB Jorge Flores
|
0-0: 2-RUN HOME RUN (Flyball, 7LD), Distance : 334 ft
|
Batting: RHB Larry Eiken
|
0-0: Called Strike 0-1: DOUBLE (Groundball, 5L)
|
Batting: RHB Robbie Eaton
|
0-0: Ball 1-0: Called Strike 1-1: Swinging Strike 1-2: Ball 2-2: Strikes out looking
|
Top of the 3rd over - 2 run(s), 3 hit(s), 0 error(s), 1 left on base; Notre Dame 4 - Florida State 1 |
BOTTOM OF THE 3RD |
Florida State Seminoles batting - Pitching for Notre Dame Fighting Irish : RHP Dax Green
|
Batting: RHB Roberto Casas
|
0-0: Foul Ball, location: 2F 0-1: Ball 1-1: Ball 2-1: Ball 3-1: Base on Balls
|
Batting: RHB Rubén Hernández
|
0-0: Called Strike 0-1: Ball 1-1: Ball 2-1: Ball 3-1: Foul Ball, location: 2F 3-2: Strikes out swinging Roberto Casas is caught stealing 2nd base Batter strikes out.
|
Batting: RHB Quentin Underwood
|
0-0: Called Strike 0-1: Ball 1-1: Hit by Pitch
|
Batting: RHB Lorenzo Cintrón
|
0-0: Called Strike 0-1: Foul Ball, location: 2F 0-2: Ball 1-2: Fly out, F9 (Flyball, 9)
|
Bottom of the 3rd over - 0 run(s), 0 hit(s), 0 error(s), 1 left on base; Notre Dame 4 - Florida State 1 |
TOP OF THE 4TH |
Notre Dame Fighting Irish batting - Pitching for Florida State Seminoles : RHP Stephen Copeland
|
Batting: LHB Matt Moore
|
0-0: Ball 1-0: Ground out 4-3 (Groundball, 4MS)
|
Batting: SHB Andre Keeler
|
0-0: Foul Ball, location: 2F 0-1: Called Strike 0-2: Ball 1-2: SINGLE (Flyball, 8LS)
|
Batting: RHB Tommy Smith
|
0-0: Ball 1-0: Called Strike 1-1: Ball 2-1: Grounds into double play, 4-6-3 (Groundball, 4)
|
Top of the 4th over - 0 run(s), 1 hit(s), 0 error(s), 0 left on base; Notre Dame 4 - Florida State 1 |
BOTTOM OF THE 4TH |
Florida State Seminoles batting - Pitching for Notre Dame Fighting Irish : RHP Dax Green
|
Batting: RHB Mark Willis
|
0-0: Foul Ball, location: 2F 0-1: Swinging Strike 0-2: Ball 1-2: SINGLE (Flyball, 7S)
|
Batting: RHB Victor Whitfield
|
0-0: Called Strike 0-1: Fly out, F9 (Flyball, 9S)
|
Batting: RHB Fred Burgess
|
0-0: Called Strike 0-1: Ball 1-1: Ball 2-1: Ball Wild Pitch! Mark Willis to second 3-1: Called Strike 3-2: Foul Ball, location: 2F 3-2: Ground out 5-3 (Groundball, 56)
|
Batting: LHB Jeff Stevens
|
0-0: Swinging Strike 0-1: Ball 1-1: Ball 2-1: SINGLE (Line Drive, 89S) Mark Willis to third
|
Batting: RHB José Sosa
|
0-0: Ball 1-0: Swinging Strike 1-1: Ball 2-1: Ball 3-1: Hit by Pitch Jeff Stevens to second
|
Pitching: RHP Pedro Sendejo
|
|
Batting: RHB Roberto Casas
|
0-0: Foul Ball, location: 2F 0-1: Called Strike 0-2: Strikes out swinging
|
Bottom of the 4th over - 0 run(s), 2 hit(s), 0 error(s), 3 left on base; Notre Dame 4 - Florida State 1 |
TOP OF THE 5TH |
Notre Dame Fighting Irish batting - Pitching for Florida State Seminoles : RHP Stephen Copeland
|
Batting: SHB Jason Ashley
|
0-0: Ball 1-0: Foul Ball, location: 2F 1-1: Foul Ball, location: 2F 1-2: Strikes out swinging
|
Pitching: RHP Erik Hale
|
|
Batting: RHB Allen Miller
|
0-0: Foul Ball, location: 2F 0-1: Called Strike 0-2: Strikes out swinging
|
Batting: RHB Juan Meléndez
|
0-0: Ball 1-0: Called Strike 1-1: Called Strike 1-2: Foul Ball, location: 2F 1-2: Foul Ball, location: 2F 1-2: Foul Ball, location: 2F 1-2: Hit by Pitch
|
Batting: RHB Jorge Flores
|
0-0: Ball 1-0: Ball 2-0: Ball 3-0: Base on Balls Juan Meléndez to second
|
Batting: RHB Larry Eiken
|
0-0: Ball 1-0: SINGLE (Flyball, 8RS) Juan Meléndez to third Jorge Flores to second Runner from 3rd tries for Home, SAFE, no throw
|
Batting: RHB Robbie Eaton
|
0-0: Ball 1-0: Ball 2-0: Ball 3-0: Base on Balls Jorge Flores to third Larry Eiken to second
|
Batting: LHB Matt Moore
|
0-0: Foul Ball, location: 2F 0-1: Ball 1-1: Ball 2-1: Foul Ball, location: 2F 2-2: Fielders Choice at 2nd, 4-6 (Groundball, 4)
|
Top of the 5th over - 1 run(s), 1 hit(s), 0 error(s), 2 left on base; Notre Dame 5 - Florida State 1 |
TOP OF THE 6TH |
Notre Dame Fighting Irish batting - Pitching for Florida State Seminoles : RHP Erik Hale
|
Batting: SHB Andre Keeler
|
0-0: Called Strike 0-1: Ball 1-1: Ball 2-1: Fly out, F8 (Flyball, 8LM)
|
Batting: RHB Tommy Smith
|
0-0: Foul Ball, location: 2F 0-1: Ball 1-1: Foul Ball, location: 2F 1-2: Ball 2-2: Ground out 5-3 (Groundball, 56)
|
Batting: SHB Jason Ashley
|
0-0: Fly out, F8 (Flyball, 8LM)
|
Top of the 6th over - 0 run(s), 0 hit(s), 0 error(s), 0 left on base; Notre Dame 5 - Florida State 2 |
BOTTOM OF THE 6TH |
Florida State Seminoles batting - Pitching for Notre Dame Fighting Irish : RHP Pedro Sendejo
|
Batting: RHB Fred Burgess
|
0-0: Ball 1-0: Ball 2-0: Foul Ball, location: 2F 2-1: Called Strike 2-2: Fly out, F9 (Flyball, 89M)
|
Batting: LHB Jeff Stevens
|
0-0: Called Strike 0-1: Foul Ball, location: 2F 0-2: Ball 1-2: Fly out, F8 (Flyball, 8RM)
|
Batting: RHB José Sosa
|
0-0: Called Strike 0-1: Swinging Strike 0-2: Strikes out swinging
|
Bottom of the 6th over - 0 run(s), 0 hit(s), 0 error(s), 0 left on base; Notre Dame 5 - Florida State 2 |
TOP OF THE 7TH |
Notre Dame Fighting Irish batting - Pitching for Florida State Seminoles : RHP Erik Hale
|
Batting: RHB Allen Miller
|
0-0: Ball 1-0: Called Strike 1-1: SINGLE (Groundball, 56D)
|
Batting: RHB Juan Meléndez
|
0-0: Ball 1-0: Ball 2-0: Bunt - Flyout! F2
|
Batting: RHB Jorge Flores
|
0-0: Ball 1-0: Ball 2-0: Fly out, F3 (Popup, 34)
|
Batting: RHB Larry Eiken
|
0-0: Foul Ball, location: 2F 0-1: Called Strike 0-2: Ball 1-2: Foul Ball, location: 2F 1-2: Foul Ball, location: 2F 1-2: Fly out, F8 (Flyball, 8RM)
|
Top of the 7th over - 0 run(s), 1 hit(s), 0 error(s), 1 left on base; Notre Dame 5 - Florida State 2 |
BOTTOM OF THE 7TH |
Florida State Seminoles batting - Pitching for Notre Dame Fighting Irish : RHP Pedro Sendejo
|
Batting: RHB Roberto Casas
|
0-0: Swinging Strike 0-1: Ball 1-1: Foul Ball, location: 2F 1-2: Foul Ball, location: 2F 1-2: Foul Ball, location: 2F 1-2: Fly out, F7 (Flyball, 7)
|
Batting: RHB Rubén Hernández
|
0-0: Ball 1-0: Hit by Pitch
|
Batting: RHB Quentin Underwood
|
0-0: Foul Ball, location: 2F 0-1: Foul Ball, location: 2F 0-2: Ball 1-2: Ball 2-2: Ball 3-2: Strikes out swinging
|
Batting: RHB Lorenzo Cintrón
|
0-0: Called Strike 0-1: Ball 1-1: Ball 2-1: Fly out, F4 (Popup, 4)
|
Bottom of the 7th over - 0 run(s), 0 hit(s), 0 error(s), 1 left on base; Notre Dame 5 - Florida State 2 |
TOP OF THE 8TH |
Notre Dame Fighting Irish batting - Pitching for Florida State Seminoles : RHP Erik Hale
|
Batting: RHB Robbie Eaton
|
0-0: Fly out, F4 (Popup, 4MD)
|
Batting: LHB Matt Moore
|
0-0: Ball 1-0: Ball 2-0: Foul Ball, location: 2F 2-1: Ball 3-1: SINGLE (Line Drive, 4MD)
|
Pitching: RHP Hank Brown
|
|
Batting: SHB Andre Keeler
|
0-0: Ball 1-0: Ball 2-0: Called Strike 2-1: Foul Ball, location: 2F 2-2: Fly out, F3 (Popup, 34)
|
Batting: RHB Tommy Smith
|
0-0: Called Strike 0-1: Called Strike 0-2: Strikes out swinging
|
Top of the 8th over - 0 run(s), 1 hit(s), 0 error(s), 1 left on base; Notre Dame 5 - Florida State 2 |
BOTTOM OF THE 8TH |
Florida State Seminoles batting - Pitching for Notre Dame Fighting Irish : RHP Pedro Sendejo
|
Batting: RHB Mark Willis
|
0-0: Called Strike 0-1: Swinging Strike 0-2: Ball 1-2: Foul Ball, location: 2F 1-2: Foul Ball, location: 2F 1-2: SINGLE (Flyball, 9S)
|
Batting: RHB Victor Whitfield
|
0-0: Called Strike 0-1: Ball 1-1: SINGLE (Groundball, 3) (infield hit) Mark Willis to second
|
Batting: RHB Fred Burgess
|
0-0: Ball 1-0: Ball 2-0: Called Strike 2-1: Called Strike 2-2: Fly out, F7 (Flyball, 7S)
|
Batting: LHB Jeff Stevens
|
0-0: Ball 1-0: Ball 2-0: Called Strike 2-1: Fly out, F8 (Flyball, 8LS) Lined into DP, 8-4 (Flyball, 8LS)
|
Bottom of the 8th over - 0 run(s), 2 hit(s), 0 error(s), 1 left on base; Notre Dame 5 - Florida State 2 |
TOP OF THE 9TH |
Notre Dame Fighting Irish batting - Pitching for Florida State Seminoles : RHP Hank Brown
|
Pitching: RHP Charlie Roberts
|
|
Batting: SHB Jason Ashley
|
0-0: Swinging Strike 0-1: Foul Ball, location: 2F 0-2: Ball 1-2: Foul Ball, location: 2F 1-2: Ball 2-2: Ball 3-2: Foul Ball, location: 2F 3-2: Base on Balls
|
Batting: RHB Allen Miller
|
0-0: Swinging Strike 0-1: Ball 1-1: Ball Passed Ball! Jason Ashley to second 2-1: Ball 3-1: Base on Balls
|
Batting: RHB Juan Meléndez
|
0-0: Ball 1-0: Ball 2-0: Sac Bunt - play at third, runner OUT! 1-5 Allen Miller to second
|
Batting: RHB Jorge Flores
|
0-0: Fly out, F6 (Popup, 56D)
|
Batting: RHB Larry Eiken
|
0-0: Called Strike 0-1: Ball 1-1: Called Strike 1-2: SINGLE (Groundball, 34D) Allen Miller to third Juan Meléndez to second Runner from 3rd tries for Home, SAFE, no throw
|
Batting: RHB Robbie Eaton
|
0-0: Called Strike 0-1: Called Strike 0-2: Strikes out looking
|
Top of the 9th over - 1 run(s), 1 hit(s), 0 error(s), 2 left on base; Notre Dame 6 - Florida State 2 |
BOTTOM OF THE 9TH |
Florida State Seminoles batting - Pitching for Notre Dame Fighting Irish : RHP Pedro Sendejo
|
Pitching: RHP Grant Anderson
|
|
Batting: RHB José Sosa
|
0-0: Ball 1-0: Called Strike 1-1: Fly out, F9 (Flyball, 9S)
|
Batting: RHB Roberto Casas
|
0-0: Fly out, F8 (Flyball, 8RM)
|
Batting: RHB Rubén Hernández
|
0-0: Ball 1-0: Ball 2-0: Called Strike 2-1: Called Strike 2-2: SINGLE (Flyball, 7S)
|
Pitching: RHP Benjamin Bell
|
|
Batting: RHB Quentin Underwood
|
0-0: Fielders Choice at 2nd, 5-4 (Groundball, 56)
|
Bottom of the 9th over - 0 run(s), 1 hit(s), 0 error(s), 0 left on base; Notre Dame 6 - Florida State 2 |
|